 Dungeon Crawl Stone Soup version 0.27-a0-1200-g94dc6ad4cf (webtiles) character file.

Game seed: 11021955021591647252

55 siradein the Slasher (level 3, 0/27 HPs)
             Began as a Demonspawn Gladiator on June 2, 2021.
             Succumbed to Robin's poison
             ... on level 1 of the Dungeon.
             The game lasted 00:03:23 (1938 turns).

siradein the Slasher (Demonspawn Gladiator)         Turns: 1938, Time: 00:03:23

Health: 0/27       AC:  6    Str: 15    XL:     3   Next: 67%
Magic:  3/3        EV: 11    Int:  9    God:
Gold:   53         SH:  0    Dex: 14    Spells: 2/2 levels left

rFire    . . .     SeeInvis .   a - +0 long sword
rCold    . . .     Faith    .   (no shield)
rNeg     . . .     Spirit   .   f - +0 ring mail
rPois    .         Reflect  .   c - +0 helmet
rElec    .         Harm     .   (no cloak)
rCorr    .         Rampage  .   (no gloves)
Will     .....                  (no boots)
Stlth    +.........             (no amulet)
HPRegen  0.09/turn              (no ring)
MPRegen  0.08/turn              (no ring)

@: lethally poisoned (0 -> -11)
A: powered by pain 1
a: no special abilities


You were on level 1 of the Dungeon.
You visited 1 branch of the dungeon, and saw 2 of its levels.

You collected 53 gold pieces.

Inventory:

Hand Weapons
 a - a +0 long sword (weapon)
Missiles
 d - 3 throwing nets (quivered)
Armour
 c - a +0 helmet (worn)
 f - a +0 ring mail (worn)
Jewellery
 e - a ring of ice
Scrolls
 g - a scroll of enchant armour {unknown}
 h - a scroll of immolation
 i - a scroll of identify {unknown}
 j - a scroll of holy word {unknown}
Potions
 b - a potion of haste {unknown}


   Skills:
 - Level 2.0 Fighting
 + Level 4.3 Long Blades
 - Level 1.7 Throwing
 - Level 2.6 Dodging


You had 2 spell levels left.
You didn't know any spells.
Your spell library contained the following spells:

 Spells                   Type           Power      Damage    Failure   Level
 Confusing Touch          Hex            0%         N/A       94%         3
 Gell's Gravitas          Tloc           0%         N/A       94%         3
 Petrify                  Tmut/Erth      0%         N/A       100%        4
 Metabolic Englaciation   Hex/Ice        0%         N/A       100%        5
 Yara's Violent Unravell  Hex/Tmut       0%         3d3       100%        5


Dungeon Overview and Level Annotations

Branches:
Dungeon (2/15)

Altars:

Annotations:
D:1 Robin


Innate Abilities, Weirdness & Mutations

You sometimes gain a little power by taking damage.


Message History

Level annotation: Robin The jackal barks!
Robin roars a battlecry!
The hobgoblin goes into a battle-frenzy!
The hobgoblin hits you.
Robin says, "Feeling lonely?"
There is a stone staircase leading up, spattered with blood here.
You closely miss the hobgoblin. The hobgoblin closely misses you.
You riposte.
You hit the hobgoblin.
The hobgoblin is almost dead.
The jackal bites you but does no damage.
The jackal bites you.
You hit the hobgoblin.
You kill the hobgoblin!
The jackal completely misses you.
You hit Robin.
Robin is lightly wounded.
The jackal bites you.
Robin hits you with a +0 dagger of venom.
The jackal bites you but does no damage.
You hit Robin.
Robin is moderately wounded.
The jackal bites you but does no damage.
Robin says, "My goblins will feast on your bones."
Robin hits you but does no damage.
You are poisoned.
The jackal bites you.
You feel very sick. Robin hits you but does no damage.
You are lethally poisoned!
The jackal barely misses you.
You riposte.
You slash the jackal!
You kill the jackal!
You climb upwards.
* * * LOW HITPOINT WARNING * * *
You feel very sick.
There is a stone staircase leading down here.
* * * LOW HITPOINT WARNING * * *
You feel very sick.
You see here a +0 club.
You die...

..........####...#.#######...## #
##.##.#.......................# #
#.###.##.####...[.#######...##
#.# #.##.# ##...## ##.##
#.###.##.# ##.## #.# #........#
#÷# #.# #.....#### #(# #.#
#.....# ##†## #######.### #.....#
##.@.###.........# #.....#
##...))##.#####.#.# ####.#)##
##....g>)#.# ##..#.#
........####.....).)..###...#.###
.###.......'.....................
.###....####..........###...#.###
.##..#.## ##.......#.###..##.#
.##.##.# ##.....##....[....#
.##.##.# ##...#######.#####


You could see Robin.

Vanquished Creatures
  2 dart slugs (D:1)
  2 bats (D:1)
  An endoplasm (D:1)
  2 giant cockroaches (D:1)
  14 goblins (D:1)
  7 hobgoblins
  3 jackals
  3 kobolds (D:1)
  4 ball pythons (D:1)
  3 frilled lizards (D:1)
  3 rats (D:1)
44 creatures vanquished.

Notes
Turn   | Place    | Note
-------+----------+-------------------------------------------
     0 | D:1      | siradein the Demonspawn Gladiator began the quest for the
                  | Orb.
     0 | D:1      | Reached XP level 1. HP: 16/16 MP: 1/1
   162 | D:1      | Reached skill level 3 in Long Blades
   212 | D:1      | Gained mutation: You sometimes gain a little power by
                  | taking damage. [demonic ancestry]
   212 | D:1      | Reached XP level 2. HP: 12/22 MP: 2/2
   640 | D:1      | Found a faded altar of an unknown god.
  1004 | D:1      | Reached XP level 3. HP: 26/27 MP: 3/3
  1342 | D:2      | Noticed Robin
  1354 | D:1      | Reached skill level 4 in Long Blades
  1938 | D:1      | Succumbed to Robin's poison

Illustrated notes

Levels and vault maps discovered:
D:1:      saegor_arrival_simple_a, layout_loops_corners,
          hellmonk_ecumenical_altar_blasted
D:2:      layout_loops_ring, uniq_crazy_yiuf_cottage, uniq_robin, uniq_jessica

Skill      XL: |  1  2  3 |
---------------+----------+-----
Long Blades    | 3 4 |  4.3
Fighting       | |  2.0
Throwing       | |  1.7
Dodging        | |  2.6

Action                   || total
-------------------------++-------
Melee: Long sword        ||   105
Armor: Leather armour    ||    10
       Ring mail         ||    58
Dodge: Dodged            ||    85
       Rpst.: Long sword ||    32

Table legend: (Time is in decaauts)
 A = Elapsed time spent in this place.
 B = Non-inter-level travel time spent in this place.
 C = Inter-level travel time spent in this place.
 D = Time resting spent in this place.
 E = Time spent auto-exploring this place.
 F = Levels seen in this place.
 G = Mean time per level.
                   A        B        C        D        E       F      G
               +--------+--------+--------+--------+--------+-----+--------+
         Total |   1966 |   1946 |     20 |    502 |   1144 |   2 |  983.0 |
       Dungeon |   1966 |   1946 |     20 |    502 |   1144 |   2 |  983.0 |
               +--------+--------+--------+--------+--------+-----+--------+

Top non-repeatable levels by time:
     D:1: 1932 daAuts
     D:2: 33 daAuts
